Map: Purity and Industry LE

Players

Massa - Winner!

  • Race: Terran Terran
  • League: Gold
  • Spawn Location: 12:00

VOD

Have the link to the VOD?

Description

Time

  • Played on: April 15, 2020, 12:54 p.m.
  • Length: 49:55
Show
View Real Time Build Order
Export as new Build Order

Massa Terran - Winner!

Build Orders:  

Get SALT Encoding   

  12  0:13  Supply Depot  
  12  0:18  SCV  
  13  0:35  SCV  
  14  0:48  Barracks  
  14  0:52  SCV  
  15  1:09  SCV  
  16  1:13  Refinery  
  16  1:19  Refinery  
  16  1:26  SCV  
  17  1:43  SCV  
  18  1:55  Supply Depot  
  18  2:00  SCV, Marine  
  20  2:17  SCV  
  21  2:23  Factory  
  21  2:34  SCV  
  21  2:36  Barracks Reactor  
  22  2:51  SCV  
  23  3:08  SCV  
  23  3:09  Engineering Bay  
  24  3:25  SCV  
  25  3:46  Hellion x2  
  29  3:51  Barracks Tech Lab  
  29  4:16  Hellion  
  30  4:28  Supply Depot  
  30  4:32  Supply Depot  
  30  4:58  Hellion x2  
  32  5:28  Hellion x2, Supply Depot  
  36  5:47  Command Center  
  36  5:57  Orbital Command  
  36  5:58  Hellion  
  38  6:20  Marauder  
  38  6:24  Hellion  
  38  6:27  Hellion  
  38  6:50  Marauder  
  38  7:13  Widow Mine x2  
  34  7:27  Marauder  
  38  7:33  Barracks  
  38  7:50  SCV x2  
  38  7:56  Marauder  
  40  8:07  SCV x2  
  42  8:24  SCV  
  42  8:26  Marauder  
  41  8:37  Widow Mine x2  
  45  8:56  Marauder  
  47  9:03  SCV x2  
  49  9:19  SCV  
  47  9:25  Barracks  
  48  9:36  SCV  
  45  9:41  Widow Mine x2  
  45  9:53  SCV, Marauder  
  52  10:00  Terran Infantry Armor Level 1  
  52  10:04  Engineering Bay  
  48  10:16  Barracks Tech Lab  
  46  10:23  Marauder  
  46  10:34  Barracks Tech Lab  
  45  10:40  Command Center  
  45  10:44  Widow Mine  
  45  10:45  Widow Mine  
  45  11:02  Marauder  
  42  11:40  Marauder  
  42  11:41  Marauder  
  44  12:08  Command Center  
  44  12:10  Marauder  
  44  12:11  Marauder  
  46  12:25  Command Center  
  46  12:29  Marauder  
  46  12:40  Widow Mine  
  46  12:41  Widow Mine  
  50  13:09  Marauder  
  52  13:10  Bunker  
  52  13:15  SCV  
  53  13:32  SCV  
  54  13:48  SCV  
  55  14:05  Marine x3  
  58  14:16  Terran Infantry Weapons Level 1  
  58  14:27  SCV x2  
  58  14:29  Marine  
  60  14:30  Marine x2  
  63  14:44  SCV  
  64  14:53  SCV  
  64  14:54  Marine  
  64  14:55  Marine x2  
  68  15:03  Sensor Tower  
  68  15:09  SCV  
  68  15:12  Missile Turret  
  68  15:17  Widow Mine x2  
  69  15:26  SCV  
  74  15:30  Sensor Tower  
  74  15:41  Missile Turret  
  74  15:43  SCV  
  75  15:58  Starport  
  75  16:00  SCV  
  76  16:12  Missile Turret  
  76  16:15  Supply Depot  
  76  16:23  SCV  
  76  16:28  SCV  
  78  16:40  SCV  
  78  16:42  SCV x2  
  78  16:45  SCV  
  78  16:46  Supply Depot  
  82  16:51  Starport  
  82  16:57  SCV  
  82  16:59  SCV x2  
  85  17:02  SCV  
  86  17:14  SCV  
  86  17:16  SCV x2  
  86  17:18  Supply Depot  
  86  17:19  SCV  
  90  17:27  Factory  
  90  17:31  SCV  
  91  17:40  Barracks  
  91  17:44  Starport Reactor  
  91  17:46  Starport Tech Lab  
  91  17:51  Supply Depot  
  91  17:53  Planetary Fortress  
  91  18:03  Orbital Command  
  91  18:07  Marauder x3  
  100  18:36  Marauder, Viking x2  
  100  18:37  Marauder x2  
  110  18:46  Unknown  
  110  18:49  Factory Tech Lab  
  95  18:50  Barracks Reactor  
  85  19:04  Refinery, Widow Mine x2  
  85  19:05  Refinery  
  85  19:06  Marauder  
  85  19:07  Marauder x2  
  91  19:18  Medivac, Viking  
  99  19:21  Siege Tank  
  99  19:27  Unknown  
  105  19:34  Widow Mine x2  
  105  19:36  Marauder  
  105  19:37  Marauder  
  109  19:44  Armory  
  113  20:04  Widow Mine x2  
  113  20:06  Siege Tank  
  113  20:07  Unknown  
  120  20:27  Unknown  
  122  20:34  Widow Mine  
  122  20:49  Armory  
  124  21:27  Raven, Stimpack  
  124  21:34  Terran Vehicle Weapons Level 1  
  124  21:59  Terran Vehicle And Ship Armor Level 1  
  124  22:04  Terran Infantry Armor Level 2, Terran Infantry Weapons Level 2  
  124  22:14  Concussive Shells  
  124  22:21  Drilling Claws  
  124  23:23  Refinery  
  124  23:25  Refinery  
  128  23:54  Command Center  
  128  24:14  Terran Ship Weapons Level 1  
  128  24:16  Viking x2  
  128  24:37  Marauder x2  
  132  24:54  Supply Depot  
  132  25:19  Barracks  
  132  25:24  Marauder x3, Viking  
  132  25:26  Supply Depot  
  132  25:27  Missile Turret  
  140  25:34  Viking  
  142  25:41  Refinery  
  142  25:54  Marauder x3  
  142  25:58  Supply Depot  
  148  26:01  Unknown  
  148  26:06  Viking  
  148  26:08  Orbital Command  
  150  26:24  Marauder x2  
  150  26:29  Supply Depot  
  132  27:00  Supply Depot  
  132  27:01  Siege Tank  
  122  27:31  Supply Depot  
  122  28:03  Supply Depot  
  122  28:35  Supply Depot  
  122  28:42  Terran Infantry Weapons Level 3, Terran Infantry Armor Level 3  
  122  28:47  Terran Vehicle Weapons Level 2  
  122  28:53  Medivac x2  
  126  29:17  Terran Vehicle And Ship Armor Level 2  
  126  29:23  Banshee  
  129  29:35  Medivac x2  
  129  29:39  Refinery  
  133  29:42  Refinery, SCV  
  134  29:59  SCV  
  135  30:16  SCV  
  136  30:23  Banshee  
  139  30:33  SCV  
  140  30:40  Barracks Tech Lab  
  140  30:50  SCV  
  141  31:03  Command Center  
  141  31:21  Marauder x2  
  141  31:22  Marauder x2  
  141  31:23  Banshee  
  152  31:45  Marine x2  
  154  31:51  Marauder x2  
  154  31:52  Marauder x2  
  154  31:57  Terran Ship Weapons Level 2  
  162  32:00  Refinery  
  162  32:01  Cloaking Field  
  162  32:02  Refinery  
  162  32:10  Marine x2  
  160  32:21  Marauder x3  
  160  32:22  Marauder  
  160  32:27  Terran Vehicle Weapons Level 3  
  167  32:35  Marine x2  
  151  32:42  Hi-Sec Auto Tracking  
  151  32:46  Thor  
  155  32:51  Marauder x3  
  155  32:52  Marauder  
  143  33:00  Marine x2  
  140  33:21  Marauder x2, Marine  
  140  33:22  Marine  
  140  33:28  Command Center  
  145  33:40  Widow Mine x2  
  145  33:42  Structure Armor  
  145  33:46  Marauder, Thor  
  145  33:47  Marauder  
  155  33:50  Command Center  
  155  33:55  Marine x4  
  163  34:10  Widow Mine x2  
  163  34:16  Marine x2  
  165  34:20  Marine x4  
  173  34:40  Widow Mine x2  
  173  34:41  Marine x2  
  173  34:45  Marine x4  
  173  34:46  Thor  
  185  34:57  Refinery  
  189  35:06  Marine x2  
  189  35:07  Terran Vehicle And Ship Armor Level 3  
  191  35:10  Marine x4  
  198  35:26  Unknown  
  195  35:31  Marine x2  
  195  35:35  Marine x2  
  199  36:07  Unknown  
  113  36:40  Unknown, Corvid Reactor  
  113  36:51  Thor  
  113  36:55  Marauder x4  
  113  36:57  Marine x2  
  125  37:22  Marine x2, Viking x2  
  125  37:25  Marauder x4  
  125  37:29  Banshee  
  142  37:37  Terran Ship Weapons Level 3  
  142  37:47  Marine x2  
  144  37:51  Thor  
  144  37:55  Marauder x4  
  158  38:04  Viking x2  
  162  38:12  Marine x2  
  164  38:25  Marauder  
  164  38:29  Banshee  
  169  38:39  Refinery  
  169  38:46  Viking x2  
  173  38:51  Thor  
  179  39:26  Unknown  
  179  39:28  Viking x2  
  179  39:29  Banshee  
  180  39:30  Unknown  
  168  39:51  Thor  
  168  39:56  Marauder  
  168  39:57  Marauder x3  
  176  40:02  Marine x2  
  176  40:07  Widow Mine x2  
  182  40:26  Marauder  
  182  40:27  Marauder x3, Marine x2  
  182  40:29  Banshee  
  195  40:37  Widow Mine x2  
  195  40:41  Planetary Fortress  
  195  40:47  Refinery  
  199  40:52  Marine  
  199  40:59  Orbital Command  
  192  42:38  Unknown  
  192  42:40  Unknown  
  191  43:48  Unknown  
Tags
 
Add a new tag
Caveats
  • Supply blocks, unpowered buildings, or Contaminate may cause inaccurate times.
  • Supply counts are checked every 10 seconds.